 Dungeon Crawl Stone Soup version 0.28.0-43-g3370ac3207 (webtiles) character file.

Game seed: 11934136374349224487

1153 Bearnado the Poker (level 8, 0/71 HPs)
             Began as a Minotaur Berserker on Mar 23, 2022.
             Was a Priest of Trog.
             Slain by an ogre
             ... wielding a +0 giant club
              (18 damage)
             ... on level 5 of the Dungeon.
             The game lasted 00:09:59 (4494 turns).

Bearnado the Poker (Minotaur Berserker)             Turns: 4494, Time: 00:10:00

Health: 0/71       AC: 14    Str: 29    XL:     8   Next: 16%
Magic:  7/7        EV:  8    Int:  4    God:    Trog [***...]
Gold:   169        SH:  3    Dex: 10    Spells: 7/7 levels left

rFire   . . .      SeeInvis .   G - +0 trident
rCold   . . .      Faith    +   I - +0 buckler
rNeg    . . .      Spirit   .   A - +1 plate armour "Joilo" {*Slow Str+5 Stlth+}
rPois   .          Reflect  .   (helmet restricted)
rElec   .          Harm     .   s - scarf {repulsion}
rCorr   .          Rampage  .   L - +0 pair of gloves
Will    ++...                   (no boots)
Stlth   ..........              y - amulet of faith
HPRegen 1.21/turn               (no ring)
MPRegen 0.10/turn               (no ring)

@: strong-willed, regenerating, repel missiles
A: horns 2, retaliatory headbutt
a: Renounce Religion, Berserk, Trog's Hand


You were on level 5 of the Dungeon.
You worshipped Trog.
Trog was most pleased with you.
You visited 1 branch of the dungeon, and saw 5 of its levels.

You collected 169 gold pieces.

Inventory:

Hand Weapons
 g - a +0 quarterstaff
 i - a +0 war axe
 u - a +0 hunting sling
 v - a +0 morningstar
 G - a +0 trident (weapon)
 N - a +0 vorpal flail
Missiles
 j - 20 arrows
 p - 162 stones (quivered)
Armour
 b - a +0 animal skin
 n - a +0 leather armour
 s - a scarf of repulsion (worn)
 w - a +0 ring mail
 A - the +1 plate armour "Joilo" (worn) {*Slow Str+5 Stlth+}
   (You found it on level 3 of the Dungeon)

   Str:       It affects your strength (+5).
   *Slow:     It may slow you when you take damage.
   Stlth:     It makes you more stealthy.
 E - a +3 leather armour of cold resistance
 H - a +0 chain mail
 I - a +0 buckler (worn)
 L - a +0 pair of gloves (worn)
 Q - a +0 scale mail
Jewellery
 r - a ring of magical power
 y - an amulet of faith (around neck)
 O - an amulet of magic regeneration
Wands
 D - a wand of digging (4)
 M - a wand of flame (14)
Scrolls
 c - 3 scrolls of teleportation {unknown}
 d - a scroll of magic mapping {unknown}
 e - 2 scrolls of fog {unknown}
 h - 2 scrolls of vulnerability {unknown}
 k - 2 scrolls of enchant armour {unknown}
 l - a scroll of immolation {unknown}
 m - 2 scrolls of identify {unknown}
 o - a scroll of summoning {unknown}
 B - a scroll of enchant weapon {unknown}
Potions
 a - a potion of invisibility {unknown}
 f - a potion of haste {unknown}
 q - a potion of flight {unknown}
 t - 2 potions of brilliance {unknown}
 x - a potion of cancellation {unknown}
 z - a potion of berserk rage {unknown}
 C - a potion of experience {unknown}
 F - a potion of might {unknown}
 J - a potion of attraction {unknown}
 K - 2 potions of resistance {unknown}
 P - 2 potions of magic {unknown}


   Skills:
 + Level 6.3 Fighting
 + Level 7.1(7.9) Polearms
 + Level 5.3(7.0) Staves
 + Level 0.1 Throwing
 + Level 5.2 Armour
 + Level 3.8 Dodging
 + Level 0.8 Stealth
 + Level 0.2 Shields


You had 7 spell levels left.
You didn't know any spells.
Your spell library was empty.

Dungeon Overview and Level Annotations

Branches:
Dungeon (5/15)             Temple (0/1) D:4

Altars:
Elyvilon


Innate Abilities, Weirdness & Mutations

You have a pair of horns on your head.
You reflexively headbutt those who attack you in melee.


Message History

You see here a necrophage corpse.
Your skin crawls.
You feel strong-willed. The vampire mosquito bites you.
* * * LOW HITPOINT WARNING * * *
The vampire mosquito draws strength from your injuries!
The vampire mosquito bites you but does no damage.
You miss the vampire mosquito.
The vampire mosquito is lightly damaged.
The vampire mosquito bites you but does no damage.
You barely miss the vampire mosquito.
The vampire mosquito is lightly damaged.
The vampire mosquito bites you but does no damage. x2
You closely miss the vampire mosquito.
Your headbutt misses the vampire mosquito.
The vampire mosquito is lightly damaged.
You recover from your berserk rage.
The vampire mosquito closely misses you.
The vampire mosquito bites you but does no damage.
You puncture the vampire mosquito!
The vampire mosquito is heavily damaged.
The vampire mosquito bites you but does no damage. x2
You hit the vampire mosquito but do no damage.
Your headbutt misses the vampire mosquito.
The vampire mosquito is heavily damaged.
The vampire mosquito bites you but does no damage.
The vampire mosquito bites you.
* * * LOW HITPOINT WARNING * * *
The vampire mosquito draws strength from your injuries!
You closely miss the vampire mosquito.
The vampire mosquito is moderately damaged.
The vampire mosquito bites you but does no damage. x2
You puncture the vampire mosquito! You headbutt the vampire mosquito.
You destroy the vampire mosquito!
Trog accepts your kill.
Your Polearms skill increases to level 7!
You barely miss the ogre. You headbutt the ogre.
The ogre is lightly wounded.
The ogre hits you with a +0 giant club!!
You die...

..#...#.# #.# #. ### #
...#.#..###.# #.##.## #
#...#....##.# #.#<..## #
.........##†# #......## #
#...#).##.#####.).....# #
#[#.................####
#..O..w................
........##O#...........####
..#...#.##@#.####.##.#.#
...#O#..##.#.# #.##.#.#
#.O.#....#.#.# #. #.#.#
.........#.#.# #. #.#.#
..#...#....#.# #.#
...#)#...### #.


You could see an ogre and a dart slug.

Vanquished Creatures
  A vampire mosquito (D:5)
  A black bear (D:5)
  A necrophage (D:5)
  An ogre (D:5)
  A centaur (D:5)
  A phantom (D:4)
  2 scorpions
  A centaur zombie (D:5)
  A bullfrog zombie (D:5)
  2 orc priests (D:5)
  2 centaur skeletons
  2 hounds (D:5)
  An iguana (D:4)
  Ijyb (D:3)
  2 orc wizards
  A howler monkey skeleton (D:5)
  5 adders
  An adder skeleton (D:2)
  A worm (D:4)
  A dart slug (D:2)
  10 orcs
  2 bats (D:1)
  14 endoplasms
  2 giant cockroaches (D:2)
  7 goblins
  4 hobgoblins
  6 jackals
  4 kobolds
  6 quokkas
  9 ball pythons
  2 frilled lizards
  8 rats
103 creatures vanquished.

Vanquished Creatures (others)
  4 plants (D:3)
4 creatures vanquished.

Grand Total: 107 creatures vanquished

Notes
Turn   | Place    | Note
-------+----------+-------------------------------------------
     0 | D:1      | Bearnado the Minotaur Berserker began the quest for the
                  | Orb.
     0 | D:1      | Reached XP level 1. HP: 19/19 MP: 0/0
   110 | D:1      | Reached skill level 4 in Polearms
   110 | D:1      | Reached XP level 2. HP: 22/27 MP: 1/1
   200 | D:1      | Found a faded altar of an unknown god.
  1014 | D:1      | Reached XP level 3. HP: 31/33 MP: 2/2
  1112 | D:2      | Reached ** piety under Trog
  1671 | D:2      | Reached XP level 4. HP: 41/41 MP: 3/3
  1830 | D:2      | Found a white marble altar of Elyvilon.
  2161 | D:2      | Reached skill level 1 in Staves
  2585 | D:3      | Reached XP level 5. HP: 47/47 MP: 4/4
  2634 | D:3      | Identified the +1 plate armour "Joilo" {*Slow Str+5 Stlth+}
  3059 | D:3      | Noticed Ijyb
  3080 | D:3      | Killed Ijyb
  3545 | D:4      | Reached skill level 5 in Fighting
  3546 | D:4      | Found a staircase to the Ecumenical Temple.
  3548 | D:4      | Reached *** piety under Trog
  3732 | D:4      | Noticed a phantom
  3738 | D:4      | Killed a phantom
  3739 | D:4      | Reached XP level 6. HP: 56/56 MP: 5/5
  3899 | D:4      | Reached skill level 5 in Polearms
  4069 | D:5      | Entered Level 5 of the Dungeon
  4103 | D:5      | Reached XP level 7. HP: 40/61 MP: 6/6
  4302 | D:5      | Reached skill level 5 in Staves
  4463 | D:5      | Reached skill level 6 in Polearms
  4463 | D:5      | Reached skill level 5 in Armour
  4473 | D:5      | Noticed a vampire mosquito
  4476 | D:5      | Reached XP level 8. HP: 42/70 MP: 7/7
  4494 | D:5      | Reached skill level 7 in Polearms
  4494 | D:5      | Slain by an ogre

Illustrated notes

Levels and vault maps discovered:
D:1:      grunt_arrival_lava_bath, layout_basic,
          chequers_ecumenical_altar_twisty, grunt_decor_resistance
D:2:      layout_basic, basic_altar
D:3:      layout_basic, serial_bayou, serial_bayou_shore_b,
          serial_bayou_shore_a, serial_bayou_lagoon_a, serial_bayou_lake_a,
          serial_bayou_pond_e, serial_bayou_crossing, uniq_ijyb
D:4:      layout_cave_pools, minmay_temple_entry_trees
D:5:      cheibrodos_fzero, layout_loops_ring, serial_shops, shop

Skill      XL: |  1  2  3  4  5  6  7  8 |
---------------+-------------------------+-----
Polearms       | 4 5 6 7 |  7.1
Fighting       | 4 5 6 |  6.3
Dodging        | 3 |  3.8
Staves         | 1 3 4 5 |  5.3
Armour         | 3 4 5 |  5.2
Throwing       | |  0.1
Stealth        | |  0.8
Shields        | |  0.2

Action                   |  1- 3 |  4- 6 |  7- 9 || total
-------------------------+-------+-------+-------++-------
Melee: Spear             |    47 |       |       ||    47
       Headbutt          |    15 |    18 |    17 ||    50
       Quarterstaff      |    44 |    81 |       ||   125
       Trident           |       |    39 |    61 ||   100
Throw: Stone             |       |     3 |       ||     3
Invok: Berserk           |     2 |     4 |     1 ||     7
       Trog's Hand       |       |       |     1 ||     1
 Stab: Sleeping          |     1 |       |       ||     1
Armor: Animal skin       |    11 |       |       ||    11
       Leather armour    |     2 |     8 |       ||    10
       Plate armour      |       |    22 |    47 ||    69
       Ring mail         |       |     2 |       ||     2
Dodge: Dodged            |    51 |    49 |    24 ||   124
Block: Buckler           |       |     5 |     6 ||    11
